AoeStats
← John Hawkwood

Arabia

509773570Analyzed
1v1 RM · 4d ago on Sep 28, 2026· 48m 38s· 2 players
Game mode
Random Map
Map size
Tiny (2 player)
Population
200
Speed
Normal
Resources
Standard
Victory
Conquest
Starting age
Dark Age
Ending age
Imperial Age
RankedLock teamsTeams togetherTeam positionsShared explorationLock speedFull tech treeHidden civsTurbo modeCheats
Victory
Defeat
🇨🇴 Franks · Colombia
1062
+14
🇺🇸 Mongols · United States
1011
-14
Darepecu
6:46 Loom
10:18 Feudal Age
11:05 Double-Bit Axe
20:30 Castle Age
19:20 Scale Barding Armor
19:26 Forging
19:55 Gold Mining
21:43 Husbandry
23:05 Bow Saw
23:32 Gold Shaft Mining
23:52 Chain Barding Armor
27:07 Iron Casting
32:02 Sanctity
31:46 Devotion
35:27 Stone Mining
39:41 Wheelbarrow
39:09 Ordonnance Companies
43:04 Imperial Age
41:21 Pikeman
42:01 Squires
42:03 Scale Mail Armor
46:08 Chain Mail Armor
46:53 Blast Furnace
47:46 Conscription
47:48 Halberdier
John Hawkwood
9:07 Feudal Age
9:07 Loom
11:14 Double-Bit Axe
14:23 Horse Collar
15:12 Bloodlines
16:29 Horse Collar
21:30 Castle Age
21:48 Forging
21:37 Pikeman
27:05 Husbandry
30:13 Scale Barding Armor
33:19 Wheelbarrow
36:02 Chain Barding Armor
37:55 Iron Casting
42:39 Hand Cart
42:28 Gold Mining
45:25 Imperial Age
45:28 Bow Saw
46:06 Crossbowman
46:41 Fletching
47:44 Conscription
47:43 Cavalier
47:44 Heavy Camel Rider
47:48 Arbalester
Connection lost

Rejoining the realm…

Still unreachable

The connection could not be restored.

Session expired

The server has moved on; the page needs a fresh start.